 Dungeon Crawl Stone Soup version 0.28-a0-1555-g9ae15a6949 (webtiles) character file.

Game seed: 1869834311176042841

79847 murtidash the Convoker (level 15, -6/72 HPs)
             Began as a Felid Summoner on Jan 18, 2022.
             Was an Initiate of Gozag.
             Mangled by a five-headed hydra (12 damage)
             ... on level 4 of the Swamp.
             The game lasted 02:51:35 (44084 turns).

murtidash the Convoker (Felid Summoner)            Turns: 44084, Time: 02:51:36

Health: -6/72      AC:  3    Str:  4    XL:     15   Next: 22%
Magic:  17/30      EV: 25    Int: 30    God:    Gozag
Gold:   3875       SH:  0    Dex: 17    Spells: 5/34 levels left
                                        Lives:  0   Deaths: 4

rFire   . . .      SeeInvis +   (weapon unavailable)
rCold   + . .      Faith    .   (shield unavailable)
rNeg    . . .      Spirit   .   (armour unavailable)
rPois   .          Reflect  .   (helmet unavailable)
rElec   .          Harm     .   (cloak unavailable)
rCorr   .          Rampage  .   (gloves unavailable)
Will    ++...                   (boots unavailable)
Stlth   ++........              p - amulet of regeneration {+regen, !d}
HPRegen 1.02/turn               u - +6 ring of intelligence
MPRegen 0.22/turn               g - ring of flight {+Fly, !d}

@: lethally poisoned (-6 -> -11), forested, gold aura, flying, quick
A: very small, claws 1, fangs 3, see invisible, speed 1, shaggy fur 3, stealthy
paws, no weapons or thrown items, no armour, multi-lived
a: Renounce Religion, Potion Petition, Call Merchant, Bribe Branch


You were on level 4 of the Swamp.
You worshipped Gozag.
Gozag was most pleased with you.
You visited 6 branches of the dungeon, and saw 29 of its levels.
You also visited: Gauntlet and Ice Cave.

You collected 9135 gold pieces.
You spent 706 gold pieces at shops.
You paid 4554 gold pieces to Gozag.


Innate Abilities, Weirdness & Mutations

You have sharp claws.
You have razor-sharp teeth.
You have supernaturally acute eyesight. (SInv)
You cover ground quickly. (Speed+)
Your thick and shaggy fur keeps you warm. (AC +3, rC+)
Your paws help you pounce on unaware monsters.
You are incapable of wielding weapons or throwing items.
You cannot wear armour.
You gain extra lives every three experience levels.


   Skills:
 - Level 12.0 Fighting
 - Level 12.0 Dodging
 - Level 2.6 Stealth
 - Level 10.0 Spellcasting
 - Level 5.0 Hexes
 - Level 17.5 Summonings
 + Level 14.2 Translocations
 + Level 9.6 Transmutations
 + Level 12.7 Air Magic


You had 5 spell levels left.
You knew the following spells:

 Your Spells              Type           Power      Damage    Failure   Level
a - Call Canine Familiar  Summ           88%        N/A       0%          3
b - Summon Cactus Giant   Summ           44%        N/A       1%          6
d - Summon Forest         Summ/Tloc      42%        N/A       1%          5
U - Storm Form            Tmut/Air       35%        N/A       30%         7
X - Manifold Assault      Tloc           79%        N/A       1%          5
Z - Summon Guardian Gole  Hex/Summ       70%        N/A       1%          3

Your spell library contained the following spells:

 Spells                   Type           Power      Damage    Failure   Level
 Summon Small Mammal      Summ           100%       N/A       0%          1
 Blink                    Tloc           100%       N/A       0%          2
 Call Imp                 Summ           88%        N/A       0%          2
 Shock                    Conj/Air       100%       1d9       1%          1
 Slow                     Hex            100%       N/A       1%          1
 Corpse Rot               Necr/Air       100%       N/A       1%          2
 Ensorcelled Hibernation  Hex/Ice        60%        N/A       1%          2
 Confusing Touch          Hex            45%        N/A       1%          3
 Lesser Beckoning         Tloc           79%        N/A       1%          3
 Mephitic Cloud           Conj/Pois/Air  40%        N/A       1%          3
 Spider Form              Tmut/Pois      43%        N/A       1%          3
 Teleport Other           Tloc           79%        N/A       1%          3
 Tukima's Dance           Hex            45%        N/A       1%          3
 Passage of Golubria      Tloc           79%        N/A       1%          4
 Summon Lightning Spire   Summ/Air       81%        N/A       1%          4
 Summon Mana Viper        Hex/Summ       70%        N/A       1%          5
 Silence                  Hex/Air        31%        N/A       2%          5
 Magic Dart               Conj           60%        1d6       3%          1
 Ice Form                 Ice/Tmut       43%        N/A       4%          4
 Yara's Violent Unravell  Hex/Tmut       28%        3d12      4%          5
 Ozocubu's Armour         Ice            15%        N/A       11%         3
 Vampiric Draining        Necr           15%        2d7       11%         3
 Anguish                  Hex/Necr       15%        N/A       12%         4
 Monstrous Menagerie      Summ           44%        N/A       2%          7
 Summon Horrible Things   Summ           44%        N/A       17%         8
 Disjunction              Tloc           39%        N/A       54%         8
 Maxwell's Capacitive Co  Air            37%        ∞         77%         8
 Enfeeble                 Hex            22%        N/A       98%         7
 Ozocubu's Refrigeration  Ice            7%         4d6       100%        7
 Lehudib's Crystal Spear  Conj/Erth      7%         10d3      100%        8
 Chain Lightning          Conj/Air       26%        3d34      100%        9

Inventory:

Jewellery
 d - a ring of positive energy {rN+}
   (You found it on level 1 of the Dungeon)
 e - a ring of magical power {MP+9}
   (You took it off an orc on level 15 of the Dungeon)
 g - a ring of flight (right paw) {+Fly, !d}
   (You took it off an orc on level 8 of the Dungeon)
 p - an amulet of regeneration (around neck) {+regen, !d}
   (You found it on level 4 of the Dungeon)
 t - a ring of resist corrosion
   (You found it on level 9 of the Dungeon)
 u - a +6 ring of intelligence (left paw)
   (You found it on level 9 of the Dungeon)
 x - a ring of willpower
   (You found it on level 10 of the Dungeon)
 F - a ring of fire
   (You found it on level 2 of the Swamp)
 I - a +4 ring of slaying
   (You found it on level 4 of the Lair of Beasts)
Wands
 o - a wand of flame (56)
   (You took it off Ijyb on level 4 of the Dungeon)
 q - a wand of charming (11)
   (You took it off an orc on level 5 of the Dungeon)
 r - a wand of polymorph (18)
   (You found it on level 6 of the Dungeon)
 G - a wand of paralysis (7)
   (You found it on level 1 of the Lair of Beasts)
 J - a wand of digging (10)
   (You found it on level 1 of the Lair of Beasts)
 K - a wand of acid (4)
   (You found it on level 3 of the Swamp)
Scrolls
 a - 3 scrolls of holy word {!r}
 b - 15 scrolls of teleportation {@r4}
 c - 10 scrolls of identify {@r1}
 i - 7 scrolls of fog
 k - a scroll of torment {!r}
 n - 4 scrolls of magic mapping {!r}
 A - 5 scrolls of vulnerability {!r!r}
 C - a scroll of silence {!r}
Potions
 f - a potion of flight
 h - 4 potions of haste {@q3}
 j - 3 potions of resistance
 l - 4 potions of mutation {!q}
 s - 2 potions of might
 v - 2 potions of brilliance
 y - 7 potions of ambrosia
 z - 6 potions of attraction {!q}
 B - 4 potions of lignification {!q}
 L - a potion of berserk rage {!q}
 M - a potion of magic
Miscellaneous
 w - a phial of floods
   (You found it on level 14 of the Dungeon)
 H - a condenser vane
   (You found it in a Gauntlet)

Dungeon Overview and Level Annotations

Branches:
Dungeon (15/15)            Temple (1/1) D:5            Lair (6/6) D:11
  Swamp (4/4) Lair:2        Snake (0/4) Lair:2        Slime (0/5) Lair:6
    Orc (2/2) D:10            Elf (0/3) Orc:2        Vaults (0/5) D:14
 Depths (1/4) D:15          IceCv (visited)         Gauntlet (visited)

Altars:
Cheibriados
Dithmenos
Elyvilon
Gozag
Makhleb
Okawaru
Uskayaw
Vehumet
Zin
The Shining One
Beogh
Jiyva

Shops:
D:15 =   Orc:2 ((:(   Lair:2 :=:::

Portals:
Hell: Lair:6

Annotations:
Swamp:4 Mara

,*≈,**,,≈≈≈≈≈≈,≈,,*#♣$.$.♣♣ *,≈
≈≈≈≈***≈,,≈≈≈≈,≈≈*#♣≈≈$$.♣ **,
,,,,,****,,≈≈,,**#♣≈≈≈..$♣ *≈
,≈,,,≈**********♣♣≈≈♣.<..♣*******
,,,≈,≈≈*** ♣**♣#♣≈≈♣♣..≈♣♣≈,≈*≈≈,
,*,,,,≈≈≈**#.♣♣≈≈≈≈≈$..♣♣*,,,≈≈≈≈
**≈$,,≈≈,≈*).≈≈°≈☼≈.≈.♣♣,≈≈,≈≈≈≈≈
*≈≈,*,≈≈,,≈≈*♣♣≈○°≈≈♣♣♣**≈≈≈≈≈≈≈≈
**,,*,*,***** ♣♣@DC♣♣ **≈,≈≈≈≈≈
*≈≈,≈,** ♣♣.○≈♣ *≈,≈≈≈≈≈ **,*,**
♣♣.♣♣ ***$,≈,≈ ***** ♣♣♣ ******


You could see a five-headed hydra (ally target) and a friendly cactus giant
(summoned).


Message History

Your cactus giant holds its ground!
You feel sick.
The swamp dragon is struck by your cactus giant's spines.
The swamp dragon bites your cactus giant!!
The swamp dragon claws your cactus giant!
The swamp dragon tramples your cactus giant.
Your cactus giant holds its ground!
The five-headed hydra is struck by your cactus giant's spines.
The five-headed hydra bites your cactus giant! x3
The five-headed hydra bites your cactus giant.
The five-headed hydra bites your cactus giant but does no damage. 😕 MP[+1]
You feel sick.
You feel sick.
Your cactus giant hits the swamp dragon with a +0 giant spiked club!
Casting: Summon Cactus Giant (dangerous; 1% risk of failure)
Confirm with . or Enter, or press ? or * to list all spells.
You need more open space to fit a forest.
You feel sick.
The swamp dragon breathes poison at you.
The blast of poison misses you.
You are engulfed in poison gas.
You are more poisoned.
You feel very sick. 😕 HP[-3]
You take 3 damage, and now have 58/72 hp.
You are engulfed in poison gas.
You are more poisoned.
You feel very sick. 😮 HP[-10] MP[+1]
You take 10 damage, and now have 48/72 hp.
You feel very sick. 😮 HP[-4]
You take 4 damage, and now have 44/72 hp.
Casting: Summon Forest (safe; 1% risk of failure)
Confirm with . or Enter, or press ? or * to list all spells.
A forested plane collides here with a resounding crunch!
Your dryad calls out to the forest.
The forest starts to sway and rumble!
You feel very sick.
The swamp dragon breathes poison at you.
The blast of poison engulfs you!
You are more poisoned.
* * * LOW HITPOINT WARNING * * *
😨 HP[-18] MP[-5]
You take 18 damage, and now have 26/72 hp.
MASSIVE DAMAGE!! (PAUSE)
You lost 5 mp, and now have 16/30 mp.
Okay, then.
Unknown command.
You feel better.
You are engulfed in poison gas.
You are poisoned.
* * * LOW HITPOINT WARNING * * *
You feel very sick.
A root lunges up near the five-headed hydra.
A root smacks the swamp dragon from below!
The swamp dragon is struck by your cactus giant's spines.
The swamp dragon dies! 😨 HP[-4]
You take 4 damage, and now have 22/72 hp.
You swap places.
You are engulfed in poison gas.
You are lethally poisoned!
* * * LOW HITPOINT WARNING * * *
x2 You feel extremely sick.
The trees move their gnarly branches around.
The five-headed hydra is hit by a branch!
The five-headed hydra bites your dryad! The five-headed hydra bites your dryad.
The five-headed hydra bites your dryad but does no damage.
The five-headed hydra bites your dryad!
The five-headed hydra bites your dryad but does no damage. 😱 HP[-13]
You take 13 damage, and now have 9/72 hp.
You feel better.
You are engulfed in poison gas.
You are poisoned.
* * * LOW HITPOINT WARNING * * *
x2 You feel very sick.
You feel roots moving beneath the ground.
A root smacks the five-headed hydra from below!
The five-headed hydra bites your dryad! x4
Your dryad dies!
Your dryad's corpse disappears in a puff of smoke!
The forest abruptly stops moving. 😱 HP[-4] MP[+1]
You take 4 damage, and now have 5/72 hp.
You feel better.
You are engulfed in poison gas.
You are poisoned.
* * * LOW HITPOINT WARNING * * *
x2 You feel very sick. 😱 HP[-2]
You take 2 damage, and now have 3/72 hp.
You feel better.
You are engulfed in poison gas.
You are poisoned.
* * * LOW HITPOINT WARNING * * *
You feel very sick. The five-headed hydra bites you.
* * * LOW HITPOINT WARNING * * *
The five-headed hydra barely misses you.
The five-headed hydra bites you!
You die...
Your body crumbles into a pile of gold.

Skill      XL: |  1  2  3  4  5  6  7  8  9 10 11 12 13 14 15 |
---------------+----------------------------------------------+-----
Spellcasting   | 3 4 7 8 10 | 10.0
Hexes          | 2 3 5 |  5.0
Summonings     | 5 6 8 11 12 13 14 16 17 | 17.5
Air Magic      | 2 7 8 9 10 11 12 | 12.7
Dodging        | 5 8 10 12 | 12.0
Fighting       | 3 5 9 10 12 | 12.0
Translocations | 2 10 9 13 14 | 14.2
Transmutations | 9 8 |  9.6
Stealth        | |  2.6

Action                   |  1- 3 |  4- 6 |  7- 9 | 10-12 | 13-15 || total
-------------------------+-------+-------+-------+-------+-------++-------
Melee: Unarmed           |    21 |    15 |    23 |    22 |    49 ||   130
       Bite              |     2 |     4 |     3 |     1 |     5 ||    15
 Cast: Summon Small Mamm |    35 |     1 |     1 |       |       ||    37
       Call Imp          |    11 |     4 |       |       |       ||    15
       Call Canine Famil |     6 |    27 |    59 |    72 |   102 ||   266
       Summon Guardian G |       |     4 |    35 |    53 |       ||    92
       Summon Lightning  |       |       |    10 |    46 |    23 ||    79
       Summon Forest     |       |       |       |    13 |    58 ||    71
       Summon Cactus Gia |       |       |       |    23 |   274 ||   297
       Manifold Assault  |       |       |       |       |     6 ||     6
Invok: Call Merchant     |       |       |       |     2 |     3 ||     5
Evoke: Wand              |       |       |     2 |     3 |     2 ||     7
       Condenser vane    |       |       |       |       |     2 ||     2
  Use: Scroll            |       |       |    13 |    16 |     9 ||    38
       Potion            |       |       |       |     3 |    11 ||    14
 Stab: Distracted        |     1 |       |     1 |       |       ||     2
Armor: Skin              |     2 |     1 |     6 |     5 |     7 ||    21
Dodge: Dodged            |    27 |    34 |    81 |   105 |   254 ||   501

Levels and vault maps discovered:
D:1:      dpeg_arrival_refuge, layout_loops_corners,
          dreamdust_ecumenical_altar_grove, minmay_misc_feat_diagonals
D:2:      layout_basic, uniq_natasha
D:3:      layout_loops_ring
D:4:      layout_basic, chequers_serial_rivers_room_a,
          minmay_misc_feat_nine_boxes, kennysheep_small_square, uniq_ijyb,
          uniq_grinder
D:5:      layout_basic, amcnicky_altar_gilded, minmay_temple_entry_antechambers
D:6:      layout_basic
D:7:      nicolae_cairo_tiling, layout_rooms, enter_bailey_2, uniq_duvessa,
          uniq_maggie
D:8:      layout_basic, roderic_batcave, kennysheep_generic_room_13
D:9:      layout_irregular_city, uniq_grum
D:10:     layout_roguey, david_orc_1_choice
D:11:     layout_roguey, lair_entry_dummy, kennysheep_flooded_box, uniq_erolcha
D:12:     layout_layer_cave
D:13:     layout_rooms, uniq_nessos
D:14:     layout_basic, david_vaults_2, portal_ice_cave_entry_pillars_three,
          pf_eden
D:15:     hangedman_depths_entry_try_elsewhere_first, layout_loops_ring,
          serial_shops, shop, fiery_altar_vehumet, serial_undead,
          serial_undead_d, serial_undead_c, serial_undead_c, serial_undead_d,
          serial_undead_c, serial_undead_d, serial_undead_a, serial_undead_e
Temple:   compressed_dpeg_circular_temple
Lair:1:   layout_small_grid, ebering_ghost_disaster_area, special_room
          [special_room_bee], st_stairs_9, grunt_megastairs_1
Lair:2:   layout_roguey, minmay_swamp_entry_worms,
          minmay_snake_entry_guardpost_medium, uniq_erica
Lair:3:   layout_roguey, gauntlet_entry_generic,
          eino_small_chamber_without_monster
Lair:4:   layout_concentric_octagons, roderic_carrion_pond
Lair:5:   layout_regular_city
Lair:6:   evil_forest, layout_big_grid, dpeg_slime_entry_enclosed_altar,
          worms_lemuel, uniq_snorg
Swamp:1:  nicolae_swamp_decorative_isthmus, layout_falls_marsh,
          serial_swamp_ruin, evilmike_swamp_ruin_house_4,
          evilmike_swamp_ruin_house_5, evilmike_swamp_ruin_rubble_2,
          swamp_pool2, uniq_frances, uniq_donald
Swamp:2:  layout_basic_swamp, evilmike_swamp_ruin_house_1
Swamp:3:  layout_basic_swamp, hangedman_swamp_blocks
Swamp:4:  swamp_alternative, layout_basic_swamp, uniq_mara, uniq_bai_suzhen
Orc:1:    layout_diamond_mine, uniq_jorgrun
Orc:2:    pubby_orc_utopia
Depths:1: layout_cave_shapes, enter_ziggurat_c, nrook_campfire,
          hangedman_tar_grid_catacomb, serial_nicolae_subway,
          nicolae_sub_station_stone, nicolae_sub_station_metal,
          nicolae_sub_station_crystal, grunt_megastairs_4

Notes
Turn   | Place    | Note
-------+----------+-------------------------------------------
     0 | D:1      | murtidash the Felid Summoner began the quest for the Orb.
     0 | D:1      | Reached XP level 1. HP: 7/7 MP: 4/4
   703 | D:1      | Reached XP level 2. HP: 6/11 MP: 1/6
   725 | D:1      | Learned a level 2 spell: Call Imp
  1098 | D:1      | Found a faded altar of an unknown god.
  1395 | D:1      | Reached XP level 3. HP: 14/14 MP: 2/8
  1399 | D:1      | Learned a level 3 spell: Call Canine Familiar
  2011 | D:2      | Noticed Natasha
  2021 | D:2      | Killed Natasha
  2022 | D:2      | Reached skill level 3 in Spellcasting
  2072 | D:2      | Reached XP level 4. HP: 18/18 MP: 5/9
  2076 | D:2      | Learned a level 3 spell: Summon Guardian Golem
  2416 | D:2      | Noticed Natasha
  2434 | D:2      | Killed Natasha
  2435 | D:2      | Reached skill level 1 in Hexes
  2435 | D:2      | Reached skill level 5 in Summonings
  2469 | D:2      | Noticed Natasha
  2483 | D:2      | Killed Natasha
  2484 | D:2      | Reached skill level 2 in Hexes
  2484 | D:2      | Reached XP level 5. HP: 8/21 MP: 6/11
  4151 | D:4      | Reached skill level 3 in Hexes
  4335 | D:4      | Reached skill level 4 in Spellcasting
  4335 | D:4      | Gained mutation: You are covered in thick fur. (AC +2)
                  | [Felid growth]
  4335 | D:4      | Reached XP level 6. HP: 24/24 MP: 6/13
  4511 | D:4      | Reached skill level 4 in Hexes
  4637 | D:4      | Noticed Ijyb
  4685 | D:4      | Killed Ijyb
  4686 | D:4      | Reached skill level 6 in Summonings
  4957 | D:4      | Reached skill level 5 in Hexes
  4957 | D:4      | Reached XP level 7. HP: 27/27 MP: 9/14
  5032 | D:4      | Noticed Grinder
  5078 | D:4      | Killed Grinder
  5079 | D:4      | Reached skill level 7 in Summonings
  5564 | D:5      | Entered Level 5 of the Dungeon
  5711 | D:5      | Reached skill level 1 in Air Magic
  5781 | D:5      | Reached skill level 2 in Air Magic
  5835 | D:5      | Reached skill level 8 in Summonings
  5835 | D:5      | Reached XP level 8. HP: 31/31 MP: 10/15
  5868 | D:5      | Reached skill level 3 in Air Magic
  6090 | D:5      | Found a shadowy altar of Dithmenos.
  6099 | D:5      | Found a staircase to the Ecumenical Temple.
  6108 | Temple   | Entered the Ecumenical Temple
  6117 | Temple   | Became a worshipper of Gozag Ym Sagoz the Greedy
  6430 | D:5      | Reached skill level 4 in Air Magic
  6883 | D:6      | HP: 5/31 [centaur/arrow (9)]
  6927 | D:6      | Reached skill level 9 in Summonings
  7305 | D:6      | Reached skill level 5 in Air Magic
  7353 | D:6      | Reached XP level 9. HP: 34/34 MP: 11/16
  8107 | D:7      | Reached skill level 10 in Summonings
  8129 | D:7      | Noticed Duvessa
  8129 | D:7      | Noticed Dowan
  8151 | D:7      | Reached skill level 6 in Air Magic
  8159 | D:7      | Killed Duvessa
  8332 | D:7      | Noticed Maggie
  8361 | D:7      | Killed Maggie
  8511 | D:7      | Identified the +3 war axe of Sonomm {antimagic, Str-2 Int+6
                  | SInv Stlth-}
  8517 | D:7      | HP: 1/34 [Dowan (12)]
  8518 | D:7      | Killed from afar by Dowan
  8519 | D:7      | Reached XP level 8. HP: -10/31 MP: 0/15
  8593 | D:7      | Killed Dowan
  8643 | D:7      | Reached skill level 7 in Air Magic
  8721 | D:7      | Reached skill level 11 in Summonings
  9012 | D:8      | Reached XP level 9. HP: 34/34 MP: 12/16
  9178 | D:7      | Learned a level 4 spell: Summon Lightning Spire
  9944 | D:8      | Reached skill level 8 in Air Magic
 10236 | D:8      | Noticed a two-headed ogre
 10262 | D:8      | Killed a two-headed ogre
 10287 | D:8      | Reached skill level 12 in Summonings
 10287 | D:8      | Reached XP level 10. HP: 37/37 MP: 6/17
 10431 | D:8      | Reached skill level 3 in Dodging
 10670 | D:9      | Reached skill level 1 in Fighting
 10786 | D:9      | Reached skill level 4 in Dodging
 10914 | D:9      | Reached skill level 2 in Fighting
 11144 | D:9      | Noticed Grum
 11173 | D:9      | Reached skill level 9 in Air Magic
 11178 | D:9      | Killed Grum
 11464 | D:9      | Reached skill level 5 in Dodging
 11726 | D:10     | Entered Level 10 of the Dungeon
 11823 | D:10     | Reached skill level 3 in Fighting
 11977 | D:10     | Found a staircase to the Orcish Mines.
 12030 | D:10     | Identified a scroll of acquirement
 12031 | D:10     | Acquired Conud's Catalogue of the Entourage
 12039 | D:10     | Learned a level 5 spell: Summon Forest
 12135 | D:10     | Reached skill level 1 in Translocations
 12414 | D:10     | Noticed a two-headed ogre
 12456 | D:10     | HP: 5/42 [two-headed ogre (37)]
 12460 | D:10     | Killed a two-headed ogre
 12461 | D:10     | Reached skill level 2 in Translocations
 12861 | D:11     | Reached XP level 11. HP: 45/45 MP: 13/18
 12909 | D:11     | Noticed a purple ugly thing
 12912 | D:11     | Noticed a soul eater
 12919 | D:11     | Killed a purple ugly thing
 12920 | D:11     | Reached skill level 6 in Dodging
 12920 | D:11     | Reached skill level 3 in Translocations
 13047 | D:11     | Noticed Erolcha
 13103 | D:11     | Killed Erolcha
 13104 | D:11     | Reached skill level 4 in Fighting
 13133 | D:11     | Noticed a two-headed ogre
 13156 | D:11     | Killed a two-headed ogre
 13243 | D:11     | Reached skill level 10 in Air Magic
 13327 | D:11     | Reached skill level 4 in Translocations
 13737 | D:11     | Found a staircase to the Lair.
 13900 | Lair:1   | Entered Level 1 of the Lair of Beasts
 13967 | Lair:1   | Noticed a four-headed hydra
 13974 | Lair:1   | Killed a four-headed hydra
 13975 | Lair:1   | Reached skill level 7 in Dodging
 13975 | Lair:1   | Reached skill level 5 in Translocations
 13985 | Lair:1   | Reached skill level 5 in Fighting
 14015 | Lair:1   | Reached skill level 13 in Summonings
 14191 | Lair:1   | HP: 9/47 [poisoned by a killer bee]
 14350 | Lair:1   | Reached skill level 6 in Translocations
 14620 | Lair:1   | Reached skill level 8 in Dodging
 14895 | Lair:1   | Gained mutation: Your thick and shaggy fur keeps you warm.
                  | (AC +3, rC+) [Felid growth]
 14895 | Lair:1   | Reached XP level 12. HP: 52/52 MP: 19/19
 14914 | Lair:1   | Reached skill level 7 in Translocations
 14919 | Lair:1   | Reached skill level 6 in Fighting
 15193 | Lair:1   | Found a large runed translucent door.
 15194 | Lair:1   | Found a large runed translucent door.
 15213 | Lair:1   | Noticed pdpol's ghost (novice DDWn)
 15922 | Lair:1   | Killed pdpol's ghost
 15930 | Lair:1   | Got the Collected Works on Lightness
 16132 | Lair:2   | Reached skill level 9 in Dodging
 16278 | Lair:2   | Reached skill level 8 in Translocations
 16559 | Lair:2   | Found a staircase to the Snake Pit.
 16602 | Lair:2   | Noticed Erica
 16613 | Lair:2   | Killed Erica
 16745 | Lair:2   | Reached skill level 7 in Fighting
 17113 | Lair:2   | Reached skill level 9 in Translocations
 17116 | Lair:2   | Reached skill level 10 in Dodging
 17305 | Lair:2   | Found a staircase to the Swamp.
 17377 | Lair:2   | Reached skill level 14 in Summonings
 17896 | Lair:3   | Found a gate leading to a gauntlet.
 17903 | Gauntlet | Entered a Gauntlet
 17903 | Gauntlet | Found a transporter.
 17926 | Gauntlet | Found a transporter.
 17943 | Gauntlet | Found a transporter.
 17947 | Gauntlet | Found a transporter.
 17951 | Gauntlet | Noticed a death scarab
 17953 | Gauntlet | Noticed a death scarab
 17969 | Gauntlet | Found a transporter.
 17982 | Gauntlet | Found a transporter.
 17996 | Gauntlet | Found a transporter.
 18022 | Gauntlet | Found a transporter.
 18022 | Gauntlet | Found a transporter.
 18027 | Gauntlet | Found a transporter.
 18048 | Gauntlet | Noticed a reaper
 18060 | Gauntlet | Found a transporter.
 18060 | Gauntlet | Found a transporter.
 18160 | Gauntlet | Killed by an exploding themself... ignited by their inner
                  | flame
 18161 | Gauntlet | Reached XP level 11. HP: -10/50 MP: 8/18
 18227 | Gauntlet | Identified the +5 rapier of the Water Diviner {speed, rF-
                  | rC++ rN+++ Int-5}
 18227 | Gauntlet | Noticed a minotaur
 18234 | Gauntlet | Killed a minotaur
 18715 | Lair:3   | Noticed a five-headed hydra
 18730 | Lair:3   | Killed a five-headed hydra
 18731 | Lair:3   | Reached skill level 10 in Translocations
 18731 | Lair:3   | Reached XP level 12. HP: 55/55 MP: 3/20
 19071 | Lair:3   | Noticed a five-headed hydra
 19092 | Lair:3   | Killed a five-headed hydra
 19093 | Lair:3   | Reached skill level 5 in Spellcasting
 19429 | Lair:3   | Learned a level 6 spell: Summon Cactus Giant
 19754 | Lair:4   | Reached skill level 8 in Fighting
 20428 | Lair:4   | Noticed a four-headed hydra
 20432 | Lair:4   | Reached skill level 6 in Spellcasting
 20444 | Lair:4   | Killed a four-headed hydra
 22188 | Lair:6   | Entered Level 6 of the Lair of Beasts
 22323 | Lair:6   | Noticed an eight-headed hydra
 22324 | Lair:6   | Noticed a boulder beetle
 22325 | Lair:6   | HP: 11/56 [eight-headed hydra (10)]
 22362 | Lair:5   | Killed an eight-headed hydra
 22363 | Lair:5   | Reached skill level 7 in Spellcasting
 22540 | Lair:6   | Reached skill level 9 in Fighting
 22543 | Lair:6   | Killed a boulder beetle
 22544 | Lair:6   | Reached XP level 13. HP: 60/60 MP: 6/25
 22711 | Lair:6   | Reached skill level 15 in Summonings
 22958 | Lair:6   | Noticed Snorg
 22968 | Lair:6   | Killed Snorg
 22971 | Lair:6   | Reached skill level 8 in Spellcasting
 23118 | Lair:6   | Reached skill level 10 in Fighting
 23623 | Lair:6   | HP: 4/61 [wizard/fireball (42)]
 23857 | Lair:6   | Reached skill level 16 in Summonings
 24208 | Lair:6   | Found a viscous altar of Jiyva.
 24208 | Lair:6   | Found a staircase to the Slime Pits.
 24813 | Lair:6   | Found a burning altar of Makhleb.
 24825 | Lair:6   | Found a gateway to Hell.
 24832 | Lair:6   | Identified the +1 long sword of Crystal {vorpal, rF++ MP+9
                  | Int+2}
 24949 | Lair:6   | Acquired the Incunabulum of Displacement and Transmigration
 25232 | Orc:1    | Entered Level 1 of the Orcish Mines
 25407 | Orc:1    | Noticed Jorgrun
 25456 | Orc:1    | Killed Jorgrun
 25457 | Orc:1    | Reached XP level 14. HP: 53/66 MP: 9/27
 25761 | Orc:2    | Entered Level 2 of the Orcish Mines
 25962 | Orc:2    | Reached skill level 17 in Summonings
 26284 | Orc:2    | Reached skill level 1 in Transmutations
 26730 | Orc:2    | Found Peishy's Weapon Boutique.
 26869 | Orc:2    | Found Cuoczik's Weapon Shop.
 26886 | Orc:2    | Reached skill level 2 in Transmutations
 27490 | Orc:2    | Reached skill level 3 in Transmutations
 27551 | Orc:2    | Identified the ring of Nihilism {Fire *Slow Will+ Str+5}
 28163 | Orc:2    | Found a staircase to the Elven Halls.
 28340 | Orc:2    | Noticed an orc warlord
 28355 | Orc:2    | Reached skill level 4 in Transmutations
 28371 | Orc:2    | Killed an orc warlord
 28598 | Orc:2    | Found Veuw's Weapon Boutique.
 28964 | Orc:2    | Found Suesk's Book Shoppe.
 30230 | Lair:2   | Bought a book of Spatial Translocations for 286 gold pieces
 30236 | Lair:2   | Learned a level 5 spell: Manifold Assault
 30701 | D:12     | Reached skill level 5 in Transmutations
 32143 | D:13     | Reached skill level 11 in Air Magic
 32292 | D:13     | Noticed Nessos
 32305 | D:13     | Killed Nessos
 32904 | D:14     | Found a frozen archway.
 32912 | IceCv    | Entered an ice cave
 33005 | IceCv    | Noticed a quicksilver ooze
 33010 | IceCv    | Killed a quicksilver ooze
 33075 | IceCv    | HP: 5/66 [demonic crawler simulacrum[an orange crystal
                  | statue] (9)]
 33075 | IceCv    | Slain by a demonic crawler simulacrum
 33076 | IceCv    | Reached XP level 13. HP: -3/62 MP: 22/26
 33410 | D:14     | HP: 3/62 [acid dragon/splash of acid (38)]
 33411 | D:14     | Reached XP level 14. HP: 3/66 MP: 6/27
 34022 | D:14     | Reached skill level 6 in Transmutations
 34127 | D:14     | Found a gate to the Vaults.
 34139 | D:14     | Reached skill level 11 in Translocations
 34537 | D:14     | Reached skill level 11 in Dodging
 34993 | D:15     | Entered Level 15 of the Dungeon
 35347 | D:15     | Learned a level 7 spell: Storm Form
 35881 | D:15     | Noticed a ghoul
 36081 | D:15     | Killed a ghoul
 36227 | D:15     | Found Annineiw's Jewellery Shoppe.
 36352 | D:15     | Reached skill level 7 in Transmutations
 36438 | D:15     | Noticed a ghoul
 36454 | D:15     | Killed a ghoul
 36455 | D:15     | Reached skill level 11 in Fighting
 36523 | D:15     | Found a radiant altar of Vehumet.
 36918 | D:15     | Reached skill level 12 in Translocations
 37033 | D:15     | Found a staircase to the Depths.
 37045 | Depths:1 | Entered Level 1 of the Depths
 37180 | Lair:2   | Upgraded the game from 0.28-a0-1524-ge72afd5fc6 to
                  | 0.28-a0-1555-g9ae15a6949
 37420 | Orc:2    | Bought Great Wizards, Vol. VII for 420 gold pieces
 37707 | Swamp:1  | Entered Level 1 of the Swamp
 37710 | Swamp:1  | magus.rc [v1.11.3]
 37710 | Swamp:1  | magus.rc [v1.11.3]
 37912 | Swamp:1  | Identified the +5 kite shield of Ostre {Int+4}
 37912 | Swamp:1  | Noticed Donald
 37919 | Swamp:1  | magus.rc [v1.11.3]
 38088 | Swamp:1  | Killed Donald
 38094 | Swamp:1  | a +6 eveningstar of protection {rare}; a +0 chain mail of
                  | fire resistance; the +5 kite shield of Ostre {Int+4}
 38410 | Swamp:1  | Reached skill level 12 in Dodging
 38410 | Swamp:1  | Reached XP level 15. HP: 71/71 MP: 18/28
 38704 | Swamp:1  | Reached skill level 9 in Spellcasting
 38722 | Swamp:1  | Noticed Frances
 38746 | Swamp:1  | a +6 eveningstar of protection {rare}; a +0 chain mail of
                  | fire resistance; the +5 kite shield of Ostre {Int+4}
 38855 | Swamp:1  | the +5 kite shield of Ostre {Int+4}; a +0 chain mail of
                  | fire resistance; a +6 eveningstar of protection {rare}
 38868 | Swamp:1  | Killed Frances
 38940 | Swamp:1  | the +5 kite shield of Ostre {Int+4}; a +0 chain mail of
                  | fire resistance; a +6 eveningstar of protection {rare}
 39532 | Swamp:2  | magus.rc [v1.11.3]
 39692 | Swamp:2  | Reached skill level 8 in Transmutations
 39703 | Swamp:1  | Reached skill level 12 in Air Magic
 39842 | Swamp:1  | HP: 14/71 [spriggan rider (13)]
 40182 | Swamp:1  | HP: 14/71 [alligator[a spriggan druid] (17)]
 40187 | Swamp:1  | HP: 9/71 [alligator[a spriggan druid] (9)]
 40324 | Swamp:2  | You pick up a book of Maledictions and begin reading...
 40346 | Swamp:2  | Killed from afar by a will-o-the-wisp
 40347 | Swamp:2  | Reached XP level 14. HP: -16/67 MP: 17/28
 40354 | Swamp:2  | Reached skill level 13 in Translocations
 40376 | Swamp:2  | Noticed a thorn hunter
 40572 | Swamp:2  | Killed a thorn hunter
 41508 | Swamp:3  | Noticed a thorn hunter
 41529 | Swamp:3  | Killed a thorn hunter
 41898 | Swamp:3  | Reached skill level 12 in Fighting
 41986 | Swamp:3  | Reached skill level 9 in Transmutations
 42481 | Swamp:4  | Entered Level 4 of the Swamp
 42577 | Swamp:4  | HP: 8/69 [eleionoma/spray of wooden splinters (28)]
 42952 | Swamp:4  | Reached XP level 15. HP: 72/72 MP: 12/29
 43286 | Swamp:4  | Reached skill level 14 in Translocations
 43355 | Swamp:4  | Noticed Mara
 43366 | Swamp:4  | Noticed murtidash's illusion
 43823 | Swamp:4  | Reached skill level 10 in Spellcasting
 44081 | Swamp:4  | HP: 16/72 [something (6)]
 44082 | Swamp:4  | HP: 7/72 [something (9)]
 44083 | Swamp:4  | HP: 3/72 [poison (poison gas)]
 44084 | Swamp:4  | Mangled by a five-headed hydra

Vanquished Creatures
  A blink frog (Lair:6)
  An orc warrior (Orc:1)
  A howler monkey (D:6)
  An orc wizard (D:7)
  6 orcs
  A hobgoblin (D:1)
  A jackal (D:4)
  A quokka (D:1)
  2 ball pythons (D:1)
  3 bats
  2 frilled lizards
  A rat (D:1)
21 creatures vanquished.

Vanquished Creatures (collateral kills)
  Jorgrun (Orc:1)
  2 thorn hunters
  Frances (Swamp:1)
  Donald (Swamp:1)
  An orc warlord (Orc:2)
  2 ghouls (D:15)
  A quicksilver ooze (IceCv)
  Nessos (D:13)
  4 eleionomae
  A dire elephant (D:15)
  4 bunyips
  Snorg (Lair:6)
  Erolcha (D:11)
  3 boulder beetles
  2 catoblepae
  A ghost crab (Swamp:4)
  19 hydras
  2 centaur warriors
  3 two-headed ogres
  Erica (Lair:2)
  16 alligators
  A two-headed ogre (shapeshifter) (D:15)
  The ghost of pdpol the Severer, a novice DDWn of Makhleb (Lair:1)
  3 death yaks (Lair:6)
  A dancing weapon (D:14)
  4 orc high priests (Orc:2)
  A tengu warrior (D:15)
  A spriggan berserker (Swamp:1)
  5 goliath frogs
  A death drake (Swamp:1)
  3 skeletal warriors (D:15)
  2 cherubim (D:14)
  2 spriggan druids
  8 swamp dragons
  A wizard (Lair:6)
  5 bog bodies
  A wolf spider zombie (D:15)
  2 deep elf pyromancers (D:15)
  9 orc knights
  A shining eye (shapeshifter) (D:14)
  6 orc sorcerers
  8 cyclopes
  7 ugly things
  5 will-o-the-wisps
  4 manticores
  A salamander (D:15)
  17 elephants
  4 centaur zombies
  2 black mambas
  15 cane toads
  A torpor snail (Lair:4)
  2 orange demons (Lair:6)
  Maggie (D:7)
  7 rime drakes
  2 kobold demonologists
  7 komodo dragons
  A redback zombie (D:15)
  2 tengu conjurers (D:15)
  2 ice devils (Lair:6)
  3 guardian mummies (D:15)
  A hellwing (Lair:6)
  A very ugly thing simulacrum (IceCv)
  An efreet (D:14)
  4 trolls
  A red devil (Lair:6)
  A meliai (shapeshifter) (D:14)
  A queen bee (Lair:1)
  Grinder (D:4)
  3 hornets
  A polar bear (Lair:3)
  12 tyrant leeches
  A meliai zombie (D:15)
  7 slime creatures
  11 dream sheep
  21 blink frogs
  A spriggan (shapeshifter) (D:13)
  3 spriggans
  2 shadows
  A wyvern (D:9)
  41 yaks
  Grum (D:9)
  3 basilisks
  3 steam dragons
  13 vampire mosquitoes
  4 nagas (Lair:2)
  6 wargs
  An acid dragon (D:14)
  12 swamp worms
  20 water moccasins
  3 hell hounds (Lair:6)
  5 swamp drakes
  Duvessa (D:7)
  4 sky beasts
  36 orc warriors
  A black bear (shapeshifter) (D:14)
  3 ugly thing simulacra (IceCv)
  9 ogres
  4 necrophages
  11 wolves
  14 centaurs
  2 kobold brigands
  2 nameless horrors (Lair:4)
  2 gnoll sergeants
  10 bullfrogs
  2 scorpions (D:7)
  2 water moccasin zombies
  2 wyvern zombies
  Dowan (D:7)
  16 killer bees
  A water moccasin skeleton (D:5)
  A vampire bat (D:8)
  A lava snake (D:11)
  2 hounds (D:4)
  6 jellies
  A gnoll shaman (Orc:2)
  32 orc priests
  A bullfrog skeleton (D:5)
  Natasha (thrice) (D:2)
  4 iguanas
  22 orc wizards
  Ijyb (D:4)
  7 hell rats (Lair:1)
  A hound skeleton (D:4)
  A mummy (D:15)
  A howler monkey zombie (D:9)
  6 adders
  11 gnolls
  2 howler monkey skeletons (D:7)
  2 shadow imps
  A white imp (D:6)
  2 adder skeletons (D:5)
  3 worms
  2 dart slugs
  79 orcs
  10 bats
  5 endoplasms
  A giant cockroach (D:4)
  6 goblins
  8 hobgoblins
  9 jackals
  3 quokkas
  9 ball pythons
  2 frilled lizards (D:2)
  9 kobolds
  4 rats
  30 briar patches
  A bush (Lair:2)
815 creatures vanquished.

Vanquished Creatures (others)
  A minotaur (Gauntlet)
  A hydra (Lair:3)
  3 two-headed ogres
  A spriggan (Swamp:2)
  An elephant (Lair:2)
  A cane toad (Lair:2)
  A bloated husk (Swamp:2)
  A tyrant leech (Lair:2)
  A hornet (Swamp:2)
  3 blink frogs (Lair:3)
  7 yaks
  A warg (D:10)
  A naga (Lair:2)
  A water moccasin (D:5)
  2 orc warriors
  A black bear (D:4)
  An ice beast (D:5)
  A wolf (D:9)
  A water moccasin skeleton (D:5)
  9 killer bees
  A bullfrog zombie (D:5)
  2 centaur zombies
  A hound (D:5)
  A gnoll shaman (D:7)
  An orc wizard (D:9)
  A hound skeleton (D:5)
  A gnoll (D:7)
  An orc (D:5)
  A kobold (D:7)
  14 foxfires
  38 fungi
  47 plants
  9 snaplasher vines
  21 withered plants
178 creatures vanquished.

Grand Total: 1014 creatures vanquished

Table legend:
 A = Non-vault XP
 B = Vault XP
 C = Vault XP percentage of total XP
 D = Non-vault monster count
 E = Vault monster count
 F = Vault count percentage of total count
                 A         B        C        D         E       F
            +---------+---------+-------+---------+---------+-------
      Total |  143724 |   67341 |  31.9 |     565 |     284 |  33.5
            +---------+---------+-------+---------+---------+-------
        D:1 |      51 |       0 |   0.0 |      31 |       0 |   0.0
        D:2 |     161 |      37 |  18.7 |      22 |       1 |   4.3
        D:3 |      43 |       0 |   0.0 |      14 |       0 |   0.0
        D:4 |     409 |     371 |  47.6 |      17 |       5 |  22.7
        D:5 |    1076 |       0 |   0.0 |      22 |       0 |   0.0
        D:6 |    1112 |       0 |   0.0 |      18 |       0 |   0.0
        D:7 |    1263 |     592 |  31.9 |      27 |       3 |  10.0
        D:8 |    2862 |     179 |   5.9 |      23 |      10 |  30.3
        D:9 |    1840 |     597 |  24.5 |      21 |       5 |  19.2
       D:10 |    1823 |     744 |  29.0 |       6 |       9 |  60.0
       D:11 |    3316 |     947 |  22.2 |      13 |       2 |  13.3
       D:12 |    6779 |       0 |   0.0 |      25 |       0 |   0.0
       D:13 |    5480 |    1056 |  16.2 |      14 |       1 |   6.7
       D:14 |    7146 |    3094 |  30.2 |      17 |       5 |  22.7
       D:15 |    9604 |   10701 |  52.7 |      27 |      18 |  40.0
     Lair:1 |    6532 |    2230 |  25.5 |      32 |      20 |  38.5
     Lair:2 |    6330 |    2608 |  29.2 |      25 |      10 |  28.6
     Lair:3 |    4238 |       0 |   0.0 |      13 |       0 |   0.0
     Lair:4 |    6615 |     371 |   5.3 |      28 |       3 |   9.7
     Lair:5 |    4848 |       0 |   0.0 |      12 |       0 |   0.0
     Lair:6 |   17856 |    9351 |  34.4 |      46 |      28 |  37.8
    Swamp:1 |   18108 |    2784 |  13.3 |      35 |       2 |   5.4
    Swamp:2 |   11440 |       0 |   0.0 |      23 |       0 |   0.0
    Swamp:3 |   18215 |    1241 |   6.4 |      30 |       2 |   6.2
    Swamp:4 |    6100 |    4817 |  44.1 |      10 |       7 |  41.2
      Orc:1 |     477 |    2088 |  81.4 |      14 |      11 |  44.0
      Orc:2 |       0 |   19451 | 100.0 |       0 |     133 | 100.0
      IceCv |       0 |    2907 | 100.0 |       0 |       7 | 100.0
   Gauntlet |       0 |    1175 | 100.0 |       0 |       2 | 100.0
            +---------+---------+-------+---------+---------+-------

Illustrated notes

Table legend:
 A = Kills in this place as a percentage of kills in entire the game.
 B = Kills by you in this place as a percentage of kills by you in the entire game.
 C = Kills by friends in this place as a percentage of kills by friends in the entire game.
 D = Other kills in this place as a percentage of other kills in the entire game.
 E = Experience gained in this place as a percentage of experience gained in the entire game.
 F = Experience gained in this place divided by the number of levels of this place that you have seen.
                   A       B       C       D       E      F
               +-------+-------+-------+-------+-------+----------------------
         Total | 100.0 | 100.0 | 100.0 | 100.0 | 100.0 | 6808.5
       Dungeon |  41.9 |  66.7 |  40.5 |  54.3 |  29.0 | 4085.5
          Lair |  25.6 |   4.8 |  25.3 |  39.1 |  28.9 | 10163.2
         Swamp |  12.8 |   0.0 |  13.7 |   4.3 |  29.7 | 15676.2
  Orcish Mines |  18.6 |  28.6 |  19.4 |   0.0 |  10.4 | 11008.0
      Ice Cave |   0.8 |   0.0 |   0.9 |   0.0 |   1.4 | 2907.0
      Gauntlet |   0.2 |   0.0 |   0.1 |   2.2 |   0.6 | 1175.0
               +-------+-------+-------+-------+-------+----------------------

Table legend: (Time is in decaauts)
 A = Elapsed time spent in this place.
 B = Non-inter-level travel time spent in this place.
 C = Inter-level travel time spent in this place.
 D = Time resting spent in this place.
 E = Time spent auto-exploring this place.
 F = Levels seen in this place.
 G = Mean time per level.
                   A        B        C        D        E       F      G
               +--------+--------+--------+--------+--------+-----+--------+
         Total |  39560 |  37638 |   1922 |   2314 |  26740 |  31 | 1276.1 |
       Dungeon |  18674 |  17735 |    939 |    470 |  13291 |  15 | 1244.9 |
        Temple |     15 |      9 |      6 |      0 |      0 |   1 |   15.0 |
          Lair |   9877 |   9468 |    409 |    417 |   7341 |   6 | 1646.2 |
         Swamp |   5647 |   5358 |    289 |   1035 |   2957 |   4 | 1411.8 |
  Orcish Mines |   4594 |   4317 |    277 |    163 |   2951 |   2 | 2297.0 |
        Depths |      1 |      1 |      0 |      0 |      0 |   1 |    1.0 |
      Ice Cave |    429 |    429 |      0 |    169 |     48 |   1 |  429.0 |
      Gauntlet |    319 |    319 |      0 |     60 |    150 |   1 |  319.0 |
               +--------+--------+--------+--------+--------+-----+--------+

Top non-repeatable levels by time:
   Orc:2: 3856 daAuts
  Lair:6: 2209 daAuts
 Swamp:3: 2151 daAuts
 Swamp:1: 2132 daAuts
  Lair:2: 1975 daAuts
  Lair:1: 1839 daAuts
    D:15: 1826 daAuts
     D:1: 1815 daAuts
    D:14: 1567 daAuts
    D:12: 1379 daAuts
  Lair:4: 1365 daAuts
     D:4: 1338 daAuts
     D:8: 1316 daAuts
    D:11: 1281 daAuts
  Lair:3: 1252 daAuts
